Unix NetHack Version 5.0.0-0 post-release - last build May 17 2026 04:57:42 (dc50c8380fa5e20985bfe3072449f57b8d9895ef,branch:main).

Game began 2026-05-20 12:24:39, ended 2026-05-20 12:27:26.

Ch3Begorrah, chaotic male human Rogue

                                                                          ..|
                                                                         .G@-
                                                                         ..G.|
                                                                        .....|
                                                                       ......|
                                                                      ....---
                                                                     ....-
                                                                     ....
                                                                      --

Ch3Begorrah the Footpad  St:15 Dx:18 Co:14 In:7 Wi:13 Ch:6  Chaotic
Dlvl:5  $:111 HP:0(16) Pw:9(9) AC:7  Xp:2 T:700 

Latest messages:
 The little dog misses the kobold zombie.
 You destroy the kobold zombie!
 You hit the shrieker.
 You miss the shrieker.
 You hit the shrieker.
 You hit the shrieker.
 You hit the shrieker.
 You hit the shrieker!
 The shrieker shrieks.
 You miss the shrieker.
 You miss the shrieker.
 You kill the shrieker!
 You see here a shrieker corpse.
 There is a shrieker corpse here; eat it? [ynq] (n) y
 This shrieker corpse tastes okay.
 You finish eating the shrieker corpse.
 You feel healthy.
 You swap places with your little dog.
 You swap places with your little dog.
 You swap places with your little dog.
 That door is closed.
 That door is closed.
 The door opens.
 You see here 3 gold pieces.
 You stop.  Your little dog is in the way!
 You see here 2 gold pieces.
 You swap places with your little dog.
 The little dog falls into a pit!
 The little dog is killed!
 You see here a leather armor.
 You hit the lichen.
 You kill the lichen!
 Welcome to experience level 2.
 There is an open door here.
 You see here a lichen corpse.
 There is an open door here.
 You see here a lichen corpse.
 p - a lichen corpse.
 You see here a cloudy potion.
 q - a cloudy potion.
 You descend the stairs.
 What do you want to drink? [dq or ?*] ?
 You suddenly fall asleep!
 The gnome lord picks up a gem.
 The gnome hits!
 The gnome hits!
 The gnome hits!
 The gnome lord hits!
 You die...
 Do you want your possessions identified? [ynq] (y) q

Inventory:
 Coins    ('$')
  $ - 111 gold pieces
 Weapons  (')')
  b - 7 +0 daggers (alternate weapons; not wielded)
  n - a +0 morning star
  a - a +0 short sword (weapon in right hand)
 Armor    ('[')
  c - an uncursed +1 leather armor (being worn)
 Comestibles  ('%')
  h - an uncursed candy bar labeled "Nilla Crunchie"
  g - an uncursed food ration
  o - an uncursed lembas wafer
  j - 2 uncursed tins of deep fried kobold meat
  p - an uncursed lichen corpse
 Scrolls  ('?')
  k - an uncursed scroll of enchant weapon
 Spellbooks  ('+')
  l - an uncursed spellbook of healing
 Potions  ('!')
  d - an uncursed potion of sickness
 Tools    ('(')
  f - an empty uncursed sack
  e - an uncursed lock pick
  i - an uncursed mirror

Ch3Begorrah the Rogue's attributes:

Background:
 You were a Footpad, a level 2 male human Rogue.
 You were chaotic, on a mission for Kos
 who was opposed by Issek (lawful) and Mog (neutral).
 You were right-handed.
 You were in the Gnomish Mines, on level 5.
 You entered the dungeon 700 turns ago.
 You had 21 experience points, 19 more were needed to attain level 3.

Basics:
 You had 0 out of 16 hit points.
 You had all 9 energy points (spell power).
 Your armor class was 7.
 Your wallet contained 111 zorkmids.
 Autopickup was off.

Final Characteristics:
 Your strength was 15 (limit:18/100).
 Your dexterity was 18 (limit:18).
 Your constitution was 14 (limit:18).
 Your intelligence was 7 (limit:18).
 Your wisdom was 13 (limit:18).
 Your charisma was 6 (limit:18).

Final Status:
 You weren't hungry.
 You were unencumbered.
 You were wielding a short sword.
 You had basic skill with short sword.

Final Attributes:
 You were fervently aligned.
 You were poison resistant.
 You were stealthy.
 You were warded.
 You are dead.

Miscellaneous:
 You didn't encounter any bones levels.
 Total elapsed playing time was 2 minutes and 47 seconds.

Major events:
 Turn
    1: Ch3Begorrah the chaotic male human Rogue entered the dungeon
  692: entered the Gnomish Mines
  700: killed by a gnome lord, while sleeping

You didn't know any spells.

Skills:
 Fighting Skills
   bare handed combat [Unskilled]
   two weapon combat  [Unskilled]
   riding             [Unskilled]
 Weapon Skills
   dagger             [Basic]
   knife              [Unskilled]
   short sword        [Basic]
   broadsword         [Unskilled]
   long sword         [Unskilled]
   two-handed sword   [Unskilled]
   saber              [Unskilled]
   club               [Unskilled]
   mace               [Unskilled]
   morning star       [Unskilled]
   flail              [Unskilled]
   hammer             [Unskilled]
   polearms           [Unskilled]
   spear              [Unskilled]
   crossbow           [Unskilled]
   dart               [Unskilled]
   shuriken           [Unskilled]
 Spellcasting Skills
   divination spells  [Unskilled]
   escape spells      [Unskilled]
   matter spells      [Unskilled]

Voluntary challenges:
 Character rerolling was not enabled.
 You followed a strict vegan diet.
 You were an atheist.
 You were illiterate.
 You never genocided any monsters.
 You never polymorphed an object.
 You never changed form.
 You used no wishes.
Achievements:
 You entered a shop.
 You entered the Gnomish Mines.

 The Dungeons of Doom: levels 1 to 4
    Level 1:
    Level 2:
    Level 3:
       A general store.
    Level 4:
       A general store.
       Stairs down to The Gnomish Mines.
 The Gnomish Mines:
    Level 5: <- You were here.
       Final resting place for
          you, killed by a gnome lord, while sleeping.


Vanquished creatures:
  a shrieker
  a little dog
  a gecko
  2 grid bugs
  a lichen
  a kobold zombie
  2 newts
9 creatures vanquished.

No species were genocided or became extinct.

Game over:
                       ----------
                      /          \
                     /    REST    \
                    /      IN      \
                   /     PEACE      \
                  /                  \
                  |   Ch3Begorrah    |
                  |      111 Au      |
                  |   killed by a    |
                  |    gnome lord    |
                  |                  |
                  |                  |
                  |       2026       |
                 *|     *  *  *      | *
        _________)/\\_//(\/(/\)/\//\/|_)_______

Goodbye Ch3Begorrah the Rogue...

You died in The Gnomish Mines on dungeon level 5 with 404 points,
and 111 pieces of gold, after 700 moves.
You were level 2 with a maximum of 16 hit points when you died.

